 Dungeon Crawl Stone Soup version 0.23-b1-75-g379dba2534 (webtiles) character file.

Game seed: 15039534343135164973

45876 Kondrat the Severer (level 14, 0/110 HPs)
             Began as a Formicid Fighter on Feb 7, 2019.
             Was the Champion of Okawaru.
             Slain by Asterion
             ... wielding a +3 demon whip of venom
              (13 damage)
             ... on level 15 of the Dungeon.
             The game lasted 01:00:30 (21211 turns).

Kondrat the Severer (Formicid Fighter)             Turns: 21211, Time: 01:00:30

Health: 0/110      AC: 18    Str: 35    XL:     14   Next: 73%
Magic:  14/14      EV:  8    Int:  9    God:    Okawaru [******]
Gold:   695        SH: 16    Dex: 10    Spells: 13/13 levels left

rFire    . . .     SeeInvis +   N - +4 executioner's axe of the Eternal Void {freeze, Str+5}
rCold    . . .     Gourm    .   c - +0 shield
rNeg     . . .     Faith    .   k - +0 plate armour
rPois    .         Spirit   .   (helmet unavailable)
rElec    .         Reflect  +   q - +0 cloak
rCorr    +         Harm     .   J - +1 pair of gloves {archery}
MR       +....                  (no boots)
Stlth    ..........             I - +3 amulet of reflection
HPRegen  0.28/turn              B - ring of flight
MPRegen  0.14/turn              E - ring of resist corrosion

@: mighty
A: permanent stasis, dig shafts and tunnels, four strong arms, antennae 3
a: Dig, Shaft Self, Heroism, Finesse, Renounce Religion, Evoke Flight


You were on level 15 of the Dungeon.
You worshipped Okawaru.
Okawaru was exalted by your worship.
You were not hungry.

You visited 2 branches of the dungeon, and saw 16 of its levels.
You also visited: Ice Cave.

You collected 751 gold pieces.
You spent 56 gold pieces at shops.

Inventory:

Hand Weapons
 M - a +4 scimitar of flaming
 N - the +4 executioner's axe of the Eternal Void (weapon) {freeze, Str+5}
   (Okawaru gifted it to you on level 12 of the Dungeon)

   It has been specially enchanted to freeze those struck by it, causing extra
   injury to most foes and up to half again as much damage against particularly
   susceptible opponents.
   It can also slow down cold-blooded creatures.
   It affects your strength (+5).
Armour
 c - a +0 shield (worn)
 k - a +0 plate armour (worn)
 q - a +0 cloak (worn)
 J - a +1 pair of gloves of archery (worn)
 O - the +6 chain mail of Reofretere {rElec rF- Str-2 Slay+6}
   (Okawaru gifted it to you on level 14 of the Dungeon)

   It affects your strength (-2).
   It affects your accuracy and damage with ranged weapons and melee attacks
   (+6).
   It makes you vulnerable to fire.
   It insulates you from electricity.
Jewellery
 B - a ring of flight (left hand)
 E - a ring of resist corrosion (right hand)
 I - a +3 amulet of reflection (around neck)
 L - an uncursed ring of protection from magic
Wands
 a - a wand of flame (44)
 b - a wand of enslavement (9)
 e - a wand of polymorph (25)
 l - a wand of random effects (22)
 x - a wand of paralysis (9)
 A - a wand of acid (5)
 G - a wand of digging (1)
Scrolls
 g - 10 scrolls of teleportation
 h - 4 scrolls of blinking
 i - 8 scrolls of amnesia
 j - 11 scrolls of identify
 o - a scroll of brand weapon {unknown}
 p - 10 scrolls of remove curse
 r - a scroll of enchant armour {unknown}
 t - a scroll of fear {unknown}
 y - a scroll of noise {unknown}
 z - 2 scrolls of torment
 C - a scroll of acquirement {unknown}
 D - 2 scrolls of fog
 H - a scroll of random uselessness
Potions
 m - 3 potions of lignification
 n - 4 potions of agility
 v - a potion of resistance
 w - 2 potions of ambrosia
 F - 3 potions of magic
 K - a potion of mutation
Comestibles
 f - 26 rations


   Skills:
 - Level 10.1 Fighting
 + Level 18.8 Axes
   Level 2.2 Staves
 - Level 10.0 Armour
 - Level 9.0 Shields


You had 13 spell levels left.
You didn't know any spells.
Your spell library contained the following spells:

 Spells                   Type           Power        Failure   Level  Hunger
 Infusion                 Chrm           #...         92%         1    ##.....
 Shroud of Golubria       Chrm/Tloc      #.........   98%         2    ###....
 Song of Slaying          Chrm           #.......     98%         2    ###....
 Regeneration             Chrm/Necr      #.........   100%        3    ####...
 Spectral Weapon          Hex/Chrm       #.......     100%        3    ####...
 Cause Fear               Hex            #.........   100%        4    #####..
 Silence                  Hex/Air        #.........   100%        5    ######.
 Yara's Violent Unravell  Hex/Tmut       #.........   100%        5    ######.
 Deflect Missiles         Chrm/Air       #.........   100%        6    #######
 Discord                  Hex            #.........   100%        8    #######


Dungeon Overview and Level Annotations

Branches:
Dungeon (15/15)            Temple (0/1) D:4            Lair (0/6) D:11
    Orc (0/2) D:9          Vaults (0/5) D:13         Depths (1/5) D:15

Altars:
Ashenzari
Cheibriados
Dithmenos
Elyvilon
Nemelex Xobeh
Okawaru
Qazlal
Ru
Trog
Uskayaw
Vehumet
Xom
Yredelemnul
Zin
The Shining One
Beogh

Shops:
D:7 (   D:10 ?

Annotations:
D:12 3 runed translucent doors
D:15 Asterion


Innate Abilities, Weirdness & Mutations

You cannot be hasted, slowed, berserked, paralysed or teleported.
You can dig through walls and to a lower floor.
Your four strong arms can wield two-handed weapons with a shield.
You have a pair of large antennae on your head. (SInv)


Message History

You feel very sick. You block Asterion's attack. x2
The blizzard demon waves its arms in wide circles.
The air twists around and strikes you!
Asterion hits you with a +3 demon whip of venom!!
* * * LOW HITPOINT WARNING * * *
You are more poisoned.
Asterion gores you but does no damage.
You feel much better.
* * * LOW HITPOINT WARNING * * *
You feel very sick.
Asterion hits you with a +3 demon whip of venom.
* * * LOW HITPOINT WARNING * * *
You are more poisoned.
You block Asterion's attack. The blizzard demon hits you!
* * * LOW HITPOINT WARNING * * *
The blizzard demon barely misses you.
You feel better.
Asterion hits you with a +3 demon whip of venom!
You die...

)................................
.))..................############
########.........÷...# #
########.............############
....[[...........................
##...###########...........######
#...# #.##############.# #...#
#.#.(..('.# #.# ##...#
#.#.#H@.#(######.######
.....######.#.#2..#.#............
............#.#####.#............
.......^....#.≈...≈(#............
#.#########.#.≈...≈(#.#########..
#.# #(#.≈.≈.≈.#.# #..
#.#########.#.#.#.#.#.#########..
............#≈..#..≈#............
.)..........#≈≈...≈≈#............


You could see Asterion and a blizzard demon.

Vanquished Creatures
  Gastronok (D:8)
  Snorg (D:14)
  A yaktaur captain (D:15)
  8 vault guards
  A hydra (D:13)
  6 two-headed ogres
  3 centaur warriors
  2 catoblepae
  Pikel (D:4)
  A wizard (D:15)
  3 ugly things
  A manticore (D:10)
  2 cyclopes
  4 centaur zombies
  Joseph (D:8)
  2 ice statues (IceCv)
  3 gargoyles
  A centaur skeleton (D:14)
  A yaktaur (shapeshifter) (D:6)
  7 rime drakes
  2 yaktaurs (D:15)
  An efreet (D:15)
  A kobold demonologist (D:12)
  8 ice devils (IceCv)
  A komodo dragon (D:14)
  Grinder (D:3)
  5 trolls
  Prince Ribbit (D:9)
  A hornet (D:12)
  5 slime creatures
  12 hippogriffs
  Sigmund (D:2)
  2 shadows (D:15)
  6 wyverns
  5 basilisks (D:14)
  15 yaks
  3 hungry ghosts
  Menkaure (D:4)
  2 soldier ants
  2 acid dragons
  A water moccasin (D:11)
  2 slaves (D:4)
  2 hell hounds (D:14)
  6 orc warriors
  5 sky beasts
  5 ice beasts
  6 phantoms
  2 black bears
  A necrophage (D:10)
  A wolf (D:11)
  6 centaurs
  4 ogres
  A crocodile (D:15)
  A big kobold (D:11)
  A wyvern zombie (D:12)
  10 bullfrogs
  6 scorpions
  13 killer bees
  2 howler monkeys (D:7)
  23 wights
  5 crimson imps
  A bullfrog zombie (D:7)
  8 orc priests
  12 hounds
  A jelly (D:6)
  A bullfrog skeleton (D:7)
  Crazy Yiuf (D:4)
  A gnoll shaman (D:8)
  Jessica (D:3)
  Terence (D:3)
  5 iguanas
  15 orc wizards
  Ijyb (D:3)
  6 worker ants
  A hound zombie (D:8)
  A hound skeleton (D:10)
  2 worker ant zombies
  10 gnolls
  20 adders
  A river rat (D:11)
  4 shadow imps
  5 white imps (IceCv)
  6 ufetubi (IceCv)
  4 worms (D:2)
  4 dart slugs
  6 leopard geckos
  52 orcs
  3 ball pythons (D:3)
  4 bats
  4 giant cockroaches
  5 goblins
  8 hobgoblins
  14 jackals
  6 quokkas
  4 frilled lizards
  11 kobolds
  A leopard gecko skeleton (D:7)
  8 rats
  A fungus (D:4)
467 creatures vanquished.

Vanquished Creatures (others)
  A reaper (IceCv)
  A slave (D:4)
  A hound (D:11)
  A river rat (D:11)
  6 white imps (IceCv)
  2 ufetubi (IceCv)
  A jackal (D:4)
13 creatures vanquished.

Grand Total: 480 creatures vanquished

Notes
Turn   | Place    | Note
-------+----------+-------------------------------------------
     0 | D:1      | Kondrat the Formicid Fighter began the quest for the Orb.
     0 | D:1      | Reached XP level 1. HP: 18/18 MP: 1/1
   162 | D:1      | Reached XP level 2. HP: 22/24 MP: 2/2
   194 | D:1      | You fall through a shaft!
   232 | D:2      | Reached XP level 3. HP: 16/29 MP: 3/3
   293 | D:2      | Noticed Sigmund
   308 | D:2      | You fall through a shaft for 2 floors!
   309 | D:4      | Noticed an ogre
   557 | D:3      | Reached XP level 4. HP: 33/35 MP: 4/4
   562 | D:3      | Reached skill level 5 in Shields
   644 | D:3      | Noticed Ijyb
   657 | D:3      | Killed Ijyb
   686 | D:3      | Noticed Grinder
   722 | D:3      | Killed Grinder
   722 | D:3      | Reached XP level 5. HP: 18/41 MP: 5/5
   722 | D:3      | Reached XP level 6. HP: 20/47 MP: 6/6
  1054 | D:3      | Noticed Terence
  1059 | D:3      | Killed Terence
  1059 | D:3      | Reached XP level 7. HP: 47/52 MP: 7/7
  1305 | D:3      | Noticed Jessica
  1325 | D:3      | Killed Jessica
  1697 | D:2      | Found a shattered altar of Ashenzari.
  1779 | D:2      | Found an iron altar of Okawaru.
  1787 | D:2      | Became a worshipper of Warmaster Okawaru
  1882 | D:2      | Killed Sigmund
  1882 | D:2      | Reached skill level 5 in Armour
  1948 | D:2      | Found a snail-covered altar of Cheibriados.
  2535 | D:4      | Noticed Pikel
  2608 | D:4      | Killed Pikel
  2608 | D:4      | Reached * piety under Okawaru
  2608 | D:4      | Reached XP level 8. HP: 37/58 MP: 8/8
  2672 | D:4      | Reached ** piety under Okawaru
  2788 | D:4      | Noticed Menkaure
  2800 | D:4      | Killed Menkaure
  3215 | D:4      | Reached XP level 9. HP: 23/64 MP: 9/9
  3467 | D:4      | You fall through a shaft for 2 floors!
  3633 | D:6      | Reached skill level 10 in Armour
  3780 | D:6      | Found a radiant altar of Vehumet.
  3939 | D:6      | Found a glowing golden altar of the Shining One.
  3953 | D:5      | Entered Level 5 of the Dungeon
  4093 | D:4      | Found a staircase to the Ecumenical Temple.
  4167 | D:4      | Found a sparkling altar of Nemelex Xobeh.
  4410 | D:4      | Found a runed translucent door.
  4411 | D:4      | Noticed Crazy Yiuf
  4418 | D:4      | Killed Crazy Yiuf
  4418 | D:4      | Reached skill level 5 in Fighting
  5030 | D:6      | Noticed a yaktaur
  5030 | D:6      | a shapeshifter changed into a yaktaur
  5037 | D:6      | Killed a yaktaur
  5609 | D:7      | Found Qemu's Antique Weapon Shop.
  5665 | D:7      | Noticed a hippogriff
  5684 | D:7      | Killed a hippogriff
  5690 | D:7      | Reached *** piety under Okawaru
  5959 | D:7      | Reached XP level 10. HP: 77/80 MP: 10/10
  6593 | D:7      | Reached skill level 10 in Fighting
  6610 | D:7      | Reached skill level 1 in Axes
  6949 | D:7      | Reached skill level 2 in Axes
  6996 | D:7      | Found a shadowy altar of Dithmenos.
  6996 | D:7      | Found a stormy altar of Qazlal.
  7001 | D:7      | Found a basalt altar of Yredelemnul.
  7003 | D:7      | Found a white marble altar of Elyvilon.
  7005 | D:7      | Found a bloodstained altar of Trog.
  7072 | D:8      | Noticed Joseph
  7081 | D:8      | Killed Joseph
  7081 | D:8      | Reached **** piety under Okawaru
  7081 | D:8      | Reached skill level 3 in Axes
  7162 | D:8      | Reached skill level 4 in Axes
  7558 | D:8      | Noticed Gastronok
  7575 | D:8      | Noticed a two-headed ogre
  7580 | D:8      | Killed Gastronok
  7580 | D:8      | Reached skill level 7 in Axes
  7580 | D:8      | Reached XP level 11. HP: 64/90 MP: 8/11
  7589 | D:8      | Killed a two-headed ogre
  7589 | D:8      | Reached ***** piety under Okawaru
  7589 | D:8      | Reached skill level 8 in Axes
  7978 | D:8      | Found a shimmering altar of Xom.
  7978 | D:8      | Noticed an angel
  7994 | D:8      | Reached skill level 9 in Axes
  8025 | D:8      | Found a glowing silver altar of Zin.
  8135 | D:8      | Noticed a +0 hand axe
  8135 | D:8      | Noticed a +0 hand axe
  8219 | D:8      | Found a hide-covered altar of Uskayaw.
  8300 | D:9      | Noticed Prince Ribbit
  8316 | D:9      | Killed Prince Ribbit
  8368 | D:9      | Found a staircase to the Orcish Mines.
  8562 | D:9      | Found a roughly hewn altar of Beogh.
  9073 | D:9      | Found a sacrificial altar of Ru.
  9368 | D:10     | Entered Level 10 of the Dungeon
  9550 | D:10     | Reached skill level 10 in Axes
  9620 | D:10     | Found Cooxuask's Magic Scroll Shop.
  9643 | D:10     | Bought a scroll of identify for 28 gold pieces
  9643 | D:10     | Bought a scroll of fog for 28 gold pieces
 10383 | D:10     | Received a gift from Okawaru
 10569 | D:10     | Noticed a two-headed ogre
 10574 | D:10     | Killed a two-headed ogre
 10878 | D:10     | Noticed a manticore
 10892 | D:10     | Killed a manticore
 10892 | D:10     | Reached skill level 11 in Axes
 10960 | D:11     | Noticed a purple ugly thing
 10988 | D:10     | Killed a purple ugly thing
 10988 | D:10     | Reached XP level 12. HP: 77/97 MP: 12/12
 11467 | D:11     | Reached skill level 12 in Axes
 12003 | D:11     | Reached skill level 13 in Axes
 12013 | D:11     | Found a staircase to the Lair.
 12326 | D:11     | Noticed a two-headed ogre
 12339 | D:11     | Killed a two-headed ogre
 12677 | D:12     | Found a runed translucent gate.
 12677 | D:12     | Found a runed translucent gate.
 12677 | D:12     | Found a runed translucent gate.
 12677 | D:12     | Noticed a white very ugly thing
 12678 | D:12     | Noticed a glowing orange brain
 12732 | D:12     | Noticed a two-headed ogre
 12739 | D:12     | Killed a two-headed ogre
 12827 | D:12     | Received a gift from Okawaru
 12979 | D:12     | Reached skill level 14 in Axes
 13435 | D:12     | Noticed a two-headed ogre
 13442 | D:12     | Killed a two-headed ogre
 13518 | D:13     | Noticed a two-headed ogre
 13524 | D:13     | Killed a two-headed ogre
 13524 | D:13     | Reached XP level 13. HP: 87/103 MP: 10/13
 13836 | D:13     | Noticed a centaur warrior
 13842 | D:13     | Killed a centaur warrior
 13846 | D:13     | Reached skill level 15 in Axes
 13920 | D:13     | Found a frozen archway.
 13930 | IceCv    | Entered an ice cave
 15808 | IceCv    | Noticed a reaper
 15847 | IceCv    | Killed a reaper
 16155 | IceCv    | Found the +8 storm bow {elec}
 16575 | D:13     | Reached ****** piety under Okawaru
 16586 | D:13     | Noticed a catoblepas
 16628 | D:13     | Killed a catoblepas
 16628 | D:13     | Reached skill level 16 in Axes
 16980 | D:13     | Noticed a centaur warrior
 16993 | D:13     | Killed a centaur warrior
 17293 | D:13     | Noticed a vault guard
 17293 | D:13     | Noticed a vault guard
 17294 | D:13     | Noticed a vault guard
 17294 | D:13     | Noticed a vault guard
 17353 | D:12     | Killed a vault guard
 17353 | D:12     | Received a gift from Okawaru
 17354 | D:12     | Got a scorched executioner's axe {god gift}
 17356 | D:12     | Identified the +4 executioner's axe of the Eternal Void
                  | {freeze, Str+5} (Okawaru gifted it to you on level 12 of
                  | the Dungeon)
 17414 | D:13     | Killed a vault guard
 17529 | D:13     | Noticed a vault guard
 17531 | D:13     | Noticed a vault guard
 17541 | D:13     | Killed a vault guard
 17548 | D:13     | Killed a vault guard
 17711 | D:13     | Noticed a vault guard
 17711 | D:13     | Noticed a vault guard
 17722 | D:13     | Killed a vault guard
 17731 | D:13     | Killed a vault guard
 17768 | D:13     | Found a gate to the Vaults.
 17979 | D:14     | Noticed an eight-headed hydra
 17982 | D:14     | Received a gift from Okawaru
 17982 | D:14     | Reached skill level 17 in Axes
 17984 | D:14     | Reached XP level 14. HP: 93/110 MP: 11/14
 18255 | D:14     | Got a scorched hand axe
 18256 | D:14     | Identified the +5 hand axe "Raifisch" {venom, MR++} (You
                  | found it on level 14 of the Dungeon)
 18602 | D:14     | Got a translucent chain mail {god gift}
 18613 | D:14     | Identified the +6 chain mail of Reofretere {rElec rF- Str-2
                  | Slay+6} (Okawaru gifted it to you on level 14 of the
                  | Dungeon)
 18673 | D:14     | Noticed Snorg
 18686 | D:14     | Killed Snorg
 18841 | D:14     | Reached skill level 18 in Axes
 19442 | D:13     | You fall through a shaft for 2 floors!
 19442 | D:15     | Entered Level 15 of the Dungeon
 19732 | D:15     | Found a staircase to the Depths.
 21188 | Depths:1 | Entered Level 1 of the Depths
 21188 | Depths:1 | Noticed Asterion
 21210 | D:15     | HP: 3/110 [blizzard demon[Asterion] (13)]
 21211 | D:15     | Slain by Asterion

Skill      XL: |  1  2  3  4  5  6  7  8  9 10 11 12 13 14 |
---------------+-------------------------------------------+-----
Shields        | 4 7 8 9 |  9.0
Armour         | 7 9 10 | 10.0
Fighting       | 8 10 | 10.1
Axes           | 7 11 14 17 18 | 18.8
Staves         | |  2.2

Action                   |  1- 3 |  4- 6 |  7- 9 | 10-12 | 13-15 || total
-------------------------+-------+-------+-------+-------+-------++-------
Melee: Quarterstaff      |    61 |    67 |   484 |   436 |       ||  1048
       Battleaxe         |       |       |       |   354 |   201 ||   555
       Executioner's axe |       |       |       |       |   234 ||   234
       Club              |       |       |       |       |     6 ||     6
       Scimitar          |       |       |       |       |     1 ||     1
Throw: Throwing net      |       |       |       |     1 |       ||     1
Invok: Heroism           |       |       |     4 |    16 |    19 ||    39
 Abil: Dig               |     5 |     1 |    14 |    25 |    24 ||    69
       Shaft Self        |     2 |       |       |       |     1 ||     3
       Evoke Flight      |       |       |       |       |     3 ||     3
Evoke: Wand              |       |       |     2 |    12 |     6 ||    20
  Use: Potion            |       |       |     5 |       |     8 ||    13
       Scroll            |       |       |       |     8 |     6 ||    14
 Stab: Petrified         |       |       |       |     8 |       ||     8
       Paralysed         |       |       |       |     5 |       ||     5
       Petrifying        |       |       |       |     2 |       ||     2
  Eat: Chunk             |       |     2 |    18 |    25 |    16 ||    61
       Ration            |       |       |       |     2 |     4 ||     6
Armor: Scale mail        |    26 |    16 |     1 |       |       ||    43
       Plate armour      |       |       |   212 |   288 |   205 ||   705
       Chain mail        |       |       |       |       |     2 ||     2
Dodge: Dodged            |    31 |    12 |   105 |   158 |   124 ||   430
Block: Shield            |    31 |    40 |   275 |   534 |   345 ||  1225
       Reflection        |       |       |       |    10 |    15 ||    25
